 Dungeon Crawl Stone Soup version 0.31-a0-981-geadf994542 (webtiles) character file.

Game seed: 17307483504728137102

361 jestert79 the Changeling (level 6, -6/43 HPs)
             Began as a Merfolk Shapeshifter on Nov 1, 2023.
             Mangled by Blork the orc
             ... wielding a +0 halberd
              (14 damage)
             ... on level 4 of the Dungeon.
             The game lasted 00:06:57 (3252 turns).

jestert79 the Changeling (Merfolk Shapeshifter)     Turns: 3252, Time: 00:06:58

Health: -6/43      AC:  2    Str: 16    XL:     6   Next: 66%
Magic:  6/6        EV: 12    Int:  9    God:
Gold:   118        SH:  0    Dex: 14    Spells: 5/5 levels left

rFire   + .          .
                       - Unarmed
rCold   . . .        (no shield)
rNeg    . . .        a - +0 animal skin
rPois   .            (helmet currently unavailable)
rElec   .            (cloak currently unavailable)
rCorr   .            (gloves currently unavailable)
SInv    .            (boots currently unavailable)
Will    .....        (no amulet)
Stlth   +            w - ring of protection from fire
HPRegen 0.27/turn    B - ring of flight
MPRegen 0.10/turn

%: no passive effects
@: beast-form, flying
A: beast (slay +3), (nimble swimmer 2), mertail
a: Begin Untransformation


You were on level 4 of the Dungeon.
You were a hulking beast.
You visited 1 branch of the dungeon, and saw 4 of its levels.

You collected 118 gold pieces.

Inventory:

Missiles
 f - 11 poisoned darts
Armour
 a - a +0 animal skin (worn)
 t - a +0 cloak
Jewellery
 s - an amulet of faith
 w - a ring of protection from fire (left hand)
 B - a ring of flight (right hand)
Talismans
 c - a beast talisman
 d - a flux talisman
Wands
 D - a wand of charming (3)
Scrolls
 e - a scroll of identify {unknown}
 j - a scroll of immolation {unknown}
 l - a scroll of poison {unknown}
 q - 2 scrolls of teleportation {unknown}
 r - a scroll of enchant armour {unknown}
 u - a scroll of fear {unknown}
 v - a scroll of blinking {unknown}
 x - a scroll of vulnerability {unknown}
 y - a scroll of noise {unknown}
 z - 2 scrolls of amnesia {unknown}
Potions
 b - 2 potions of lignification
 g - a potion of might {unknown}
 h - 2 potions of heal wounds {unknown}
 i - a potion of haste {unknown}
 k - 3 potions of curing {unknown}
 m - a potion of resistance {unknown}
 n - a potion of enlightenment {unknown}
 o - a potion of attraction {unknown}
 p - a potion of cancellation {unknown}
 A - a potion of brilliance {unknown}
 C - a potion of mutation {unknown}


   Skills:
 - Level 1.1 Fighting
 - Level 2.6 Dodging
 + Level 6.1 Unarmed Combat
 + Level 6.9 Shapeshifting


You had 5 spell levels left.
You didn't know any spells.
Your spell library contained the following spells:

 Spells                   Type           Power      Damage    Failure   Level
 Call Canine Familiar     Summ           0%         N/A       77%         3
 Sigil of Binding         Hex            0%         N/A       77%         3
 Tukima's Dance           Hex            0%         N/A       77%         3
 Dimensional Bullseye     Hex/Tloc       0%         N/A       99%         4
 Leda's Liquefaction      Hex/Erth       0%         N/A       99%         4
 Passage of Golubria      Tloc           0%         N/A       99%         4
 Yara's Violent Unravell  Hex/Tmut       0%         3d3       100%        5


Dungeon Overview and Level Annotations

Branches:
Dungeon (4/15)
 Temple: D:4-7

Altars:
Ashenzari

Annotations:
D:4 Blork the orc


Innate Abilities, Weirdness & Mutations

You are a hulking beast.
Your limbs bulge with bestial killing power. (Slay +3)
((You are very nimble when in or above water. (Stealth+, EV+, Speed+++)))
Your lower body shifts to a powerful aquatic tail in water.


Message History

A kobold comes into view.
It is wielding a +0 club and quivering poisoned darts.
You see here a scroll labelled AXUOMP QINYEDO.
A kobold is nearby!
A kobold is nearby!
A kobold is nearby!
You closely miss the kobold. The kobold barely misses you.
You hit the kobold.
You kill the kobold!
No target in view!
f - 11 poisoned darts (gained 5)
You see here a +0 club.
z - 2 scrolls labelled AXUOMP QINYEDO (gained 1) Blork the orc and an endoplasm come into view.
There are monsters nearby!
There are monsters nearby!
There are monsters nearby!
Okay, then.
Unknown command.
Blork the orc shouts!
The endoplasm jiggles.
Blork the orc completely misses you.
Blork the orc hits you with a +0 halberd!
You barely miss Blork the orc.
Blork the orc hits you with a +0 halberd!
* * * LOW HITPOINT WARNING * * *
You punch Blork the orc!
Blork the orc is moderately wounded.
Blork the orc points at you and mumbles some strange words.
The magic dart hits you.
* * * LOW HITPOINT WARNING * * *
You punch Blork the orc!
Blork the orc is heavily wounded.
Blork the orc barely misses you.
You closely miss Blork the orc.
Blork the orc is heavily wounded.
Blork the orc barely misses you.
You hit Blork the orc.
Blork the orc is severely wounded.
Blork the orc hits you with a +0 halberd!
You die...

##############
#...Joh......#
#.#####.....#.######## #.
#.##.###.......# #.
#.###.#.######.#
#.#####.####.## #.#
#............#######.##
.......##......#......##...#
####.#......).....###.......
##.###...###.#.# ####...#


You could see Blork the orc and an endoplasm.

Vanquished Creatures
  Sigmund (D:2)
  Terence (D:3)
  Ijyb (D:3)
  Natasha (D:3)
  4 gnolls
  2 adders
  A dart slug (D:2)
  An orc (D:3)
  7 ball pythons
  3 bats
  7 endoplasms
  8 giant cockroaches
  6 goblins
  7 hobgoblins
  3 frilled lizards
  4 kobolds
  4 rats
61 creatures vanquished.

Notes
Turn   | Place    | Note
-------+----------+-------------------------------------------
     0 | D:1      | jestert79 the Merfolk Shapeshifter began the quest for the
                  | Orb.
     0 | D:1      | Reached XP level 1. HP: 15/15 MP: 1/1
    23 | D:1      | Reached XP level 2. HP: 19/21 MP: 2/2
   474 | D:1      | Reached XP level 3. HP: 25/26 MP: 3/3
   967 | D:2      | Found a broken altar of Ashenzari.
  1208 | D:2      | Noticed Sigmund
  1380 | D:2      | Reached skill level 5 in Shapeshifting
  1384 | D:2      | Reached XP level 4. HP: 6/32 MP: 4/4
  1693 | D:2      | Killed Sigmund
  1694 | D:2      | Reached skill level 5 in Unarmed Combat
  1694 | D:2      | Reached XP level 5. HP: 23/37 MP: 5/5
  1694 | D:2      | Reached XP level 6. HP: 27/43 MP: 6/6
  2144 | D:3      | Found a faded altar of an unknown god.
  2150 | D:3      | Noticed an ice beast
  2329 | D:3      | Noticed Terence
  2340 | D:3      | Killed Terence
  2584 | D:3      | Noticed Natasha
  2620 | D:3      | Killed Natasha
  2870 | D:3      | Noticed Ijyb
  2901 | D:3      | Killed Ijyb
  3226 | D:4      | Noticed Blork the orc
  3252 | D:4      | Mangled by Blork the orc

Illustrated notes

Levels and vault maps discovered:
D:1:      evilmike_arrival_crescent, layout_basic
D:2:      layout_loops_ring, basic_altar, grunt_ministairs_10,
          minmay_worlds_worst_comb, uniq_sigmund
D:3:      layout_rooms, hellmonk_ecumenical_altar_zigzags,
          chequers_serial_rivers_micro_d, uniq_terence, uniq_natasha, uniq_ijyb
D:4:      layout_loops_ring, uniq_blork_the_orc

Skill      XL: |  1  2  3  4  5  6 |
---------------+-------------------+-----
Unarmed Combat | 4 5 6 |  6.1
Shapeshifting  | 5 6 |  6.9
Fighting       | |  1.1
Dodging        | |  2.6

Action                     |  1- 3 |  4- 6 || total
---------------------------+-------+-------++-------
  Melee: Unarmed           |    80 |   116 ||   196
         Punch             |       |     2 ||     2
   Stab: Sleeping          |     2 |       ||     2
 Armour: Animal skin       |    31 |    54 ||    85
  Dodge: Dodged            |    45 |    67 ||   112

Table legend: (Time is in decaauts)
 A = Elapsed time spent in this place.
 B = Non-inter-level travel time spent in this place.
 C = Inter-level travel time spent in this place.
 D = Time resting spent in this place.
 E = Time spent auto-exploring this place.
 F = Levels seen in this place.
 G = Mean time per level.
                   A        B        C        D        E       F      G
               +--------+--------+--------+--------+--------+-----+--------+
         Total |   3234 |   3085 |    149 |    559 |   1894 |   4 |  808.5 |
       Dungeon |   3234 |   3085 |    149 |    559 |   1894 |   4 |  808.5 |
               +--------+--------+--------+--------+--------+-----+--------+

Top non-repeatable levels by time:
     D:2: 1113 daAuts
     D:3: 1038 daAuts
     D:1: 1016 daAuts
     D:4: 66 daAuts
